 Dungeon Crawl Stone Soup version 0.19.1 (webtiles) character file.

457 hairmachine the Insei (level 7, -1/45 HPs)
             Began as an Octopode Transmuter on Dec 16, 2016.
             Slain by a hound (4 damage)
             ... on level 5 of the Dungeon.
             The game lasted 00:19:32 (6427 turns).

hairmachine the Insei (Octopode Transmuter)         Turns: 6427, Time: 00:19:33

Health: -1/45      AC:  2    Str: 12    XL:     7   Next: 6%
Magic:  4/10       EV: 19    Int: 15    God:
Gold:   68         SH:  0    Dex: 17    Spells: 3 memorised, 4 levels left

rFire  . . .     SeeInvis .       - Unarmed
rCold  . . .     Gourm    .     (shield currently unavailable)
rNeg   . . .     Faith    .     (helmet currently unavailable)
rPois  x         Spirit   .     (no amulet)
rElec  .         Reflect  .     (no ring)
rCorr  .         Harm     .     (no ring)
MR     .....                    (no ring)
Stlth  ++........               (no ring)
                                (no ring)
                                (no ring)
                                (no ring)
                                (no ring)

@: spider-form, very slightly contaminated
A: almost no armour, stealthy swim, (amphibious), 8 rings, (constrict 8),
(camouflage 0), (gelatinous body 0)
a: End Transformation


You were on level 5 of the Dungeon.
You were near starving.
You were a venomous arachnid creature.
You visited 1 branch of the dungeon, and saw 5 of its levels.

You collected 212 gold pieces.
You spent 144 gold pieces at shops.


Innate Abilities, Weirdness & Mutations

You cannot wear most types of armour.
You are very stealthy in the water. (Stealth+)
((You are amphibious.))
You can wear up to eight rings at the same time.
((You can use your tentacles to constrict eight enemies at once.))
((Your skin changes colour to match your surroundings (Stealth+).))
((Your rubbery body absorbs attacks. (AC +1, EV +1)))


   Skills:
 + Level 2.4 Fighting
 - Level 2.0 Dodging
 + Level 5.5 Unarmed Combat
 - Level 2.0 Spellcasting
 + Level 4.7 Transmutations
 - Level 2.2 Poison Magic


You had 4 spell levels left.
You knew the following spells:

 Your Spells              Type           Power        Failure   Level  Hunger
a - Beastly Appendage     Tmut           ###...       12%         1    #......
b - Sticks to Snakes      Tmut           ###.....     17%         2    ###....
c - Spider Form           Tmut/Pois      ##........   41%         3    ###....

Inventory:

Missiles
 a - 44 arrows
 f - a javelin of returning (quivered)
 k - 3 javelins
Jewellery
 t - an uncursed amulet of rage {unknown}
   (You found it on level 4 of the Dungeon)
Wands
 w - a wand of enslavement (7/24)
   (You bought it in a shop on level 4 of the Dungeon)
Scrolls
 g - 4 scrolls of fear {!r}
 j - 2 scrolls of recharging {!r, unknown}
 n - 3 scrolls of teleportation {!r, unknown}
 q - 2 scrolls of identify {!r}
 s - 2 scrolls of fog {!r, unknown}
 u - a scroll of remove curse {!r, unknown}
 v - a scroll of random uselessness {!r, unknown}
Potions
 e - a potion of flight {!q, unknown}
 h - 2 potions of ambrosia {!q, unknown}
 i - a potion of heal wounds {!q, unknown}
 l - a potion of agility {!q, unknown}
 m - 2 potions of cure mutation {!q}
 o - 3 potions of curing {!q}
 p - a potion of invisibility {!q, unknown}
Books
 b - a book of Changes

   Spells                             Type                      Level
   a - Beastly Appendage              Transmutation                1
   b - Sticks to Snakes               Transmutation                2
   c - Spider Form                    Transmutation/Poison         3
   d - Ice Form                       Ice/Transmutation            4
   e - Blade Hands                    Transmutation                5
Comestibles
 c - 5 bread rations
 d - a meat ration
 r - 3 beef jerkies
 x - a royal jelly

Dungeon Overview and Level Annotations

Branches:
Dungeon (5/15)
 Temple: D:4-7

Altars:
Ashenzari
Qazlal

Shops:
D:4 ?}

Annotations:
D:2 1 runed door

#####.##########
#.....Scs.......
#.###..h######..
#....# #.....#
##.%... #....##
## .....# #.
...)... #.
####+### #. #.
#. #. ...#####.
......^..
.#.#####. ##


You could see a centaur, a hound and a friendly ball python.


Message History

You hit the centaur.
The centaur is poisoned.
The centaur is lightly wounded.
The centaur hits you.
* * * LOW HITPOINT WARNING * * *
The centaur hits you.
* * * LOW HITPOINT WARNING * * *
Huge Dmg: -18%(-7hp) hp: 16%(6hp)
You hit the centaur.
The centaur looks as sick as possible!
The centaur is heavily wounded.
The centaur completely misses you.
You bite the centaur!
You kill the centaur!
You have reached level 7!
a - 39 arrows (gained 23)
You see here an uncursed shortbow.
There isn't anything to butcher here.
a - 40 arrows (gained 1)
a - 41 arrows (gained 1)
Your transformation is almost over.
You start resting.
Your transformation has ended.
You start resting.
Magic restored.
You are feeling very hungry.
You start resting.
HP restored.
Drop what? 24/52 slots (_ for help) (? for menu, Esc to quit)
Okay, then.
a - 42 arrows (gained 1)
a - 43 arrows (gained 1)
You see here an uncursed shortbow.
a - 44 arrows (gained 1)
You are near starving!
There is an open door here.
a - 45 arrows (gained 1)
You open the door.
There is an open door here.
o - 3 potions of curing {!q} (gained 1)
A centaur comes into view.
What are your orders? t - Shout!
Orders for allies: a - Attack new target. r - Retreat! s - Stop attacking. g - Guard the area. f - Follow me.
Anything else - Cancel.
You shout for attention!
You hear a shout!
You hear a bark!
Found a spear.
Casting: Spider Form
Confirm with . or Enter, or press ? or * to list all spells.
You miscast Beastly Appendage.
You are very lightly contaminated with residual magic.
Nothing appears to happen.
The centaur shouts!
The centaur closely misses you. x2
Casting: Beastly Appendage
Confirm with . or Enter, or press ? or * to list all spells.
One of your tentacles grows a vicious spike.
The centaur hits you!
Damage: -15%(-7hp) hp: 85%(38hp)
You tentacle-slap the centaur but do no damage.
You pierce the centaur, but do no damage.
You squeeze the centaur.
The centaur is lightly wounded.
The centaur hits you. x2
* * * LOW HITPOINT WARNING * * *
Huge Dmg: -20%(-9hp) hp: 65%(29hp)
Casting: Beastly Appendage
Confirm with . or Enter, or press ? or * to list all spells.
You create a snake!
You now have 44 arrows.
The centaur hits you!
* * * LOW HITPOINT WARNING * * *
A hound comes into view.
The hound barks!
The hound moves out of view.
Huge Dmg: -18%(-8hp) hp: 47%(21hp)
The centaur hits you.
* * * LOW HITPOINT WARNING * * *
The centaur hits you.
* * * LOW HITPOINT WARNING * * *
Huge Dmg: -20%(-9hp) hp: 27%(12hp)
You barely miss the centaur. Your squeeze misses the centaur.
The centaur is lightly wounded.
The centaur closely misses you.
You tentacle-slap the centaur.
You pierce the centaur, but do no damage.
The centaur is lightly wounded.
The centaur hits you!
* * * LOW HITPOINT WARNING * * *
Your ball python bites the centaur but does no damage.
Huge Dmg: -20%(-9hp) hp: 7%(3hp)
Casting: Sticks to Snakes
Confirm with . or Enter, or press ? or * to list all spells.
Your tentacle spike disappears.
You turn into a venomous arachnid creature.
The centaur completely misses you.
Your ball python barely misses the centaur.
The centaur closely misses you. The centaur completely misses you.
Your ball python barely misses the centaur.
The hound bites you.
You die...

Vault maps used:
D:1:      dpeg_arrival_pond, minmay_misc_feat_tiny
D:2:      nicolae_overflow_hidden_temple, uniq_crazy_yiuf_cottage
D:3:      first_bread, uniq_iyjb
D:4:      black_bear_nest_2, serial_shops, nicolae_shop_behind_doors,
          nicolae_shop_window_shopping, lemuel_tele_altar
D:5:      evilmike_ruin_ashenzari

Notes
Turn   | Place    | Note
-------+----------+-------------------------------------------
     0 | D:1      | hairmachine the Octopode Transmuter began the quest for the Orb.
     0 | D:1      | Reached XP level 1. HP: 13/13 MP: 3/3
   232 | D:1      | Reached XP level 2. HP: 10/18 MP: 3/5
   368 | D:1      | Learned a level 2 spell: Sticks to Snakes
  1088 | D:1      | Reached XP level 3. HP: 23/23 MP: 6/6
  1509 | D:2      | Found a runed door.
  1603 | D:2      | Reached skill level 4 in Unarmed Combat
  2091 | D:2      | Reached XP level 4. HP: 28/28 MP: 7/7
  3049 | D:3      | Learned a level 3 spell: Spider Form
  3189 | D:3      | Noticed Ijyb
  3198 | D:3      | Killed Ijyb
  3198 | D:3      | Reached skill level 1 in Poison Magic
  3241 | D:3      | Reached XP level 5. HP: 25/33 MP: 4/8
  4987 | D:4      | Found Teumnux's Gadget Shop.
  5000 | D:4      | Bought a wand of enslavement (7/24) for 99 gold pieces
  5017 | D:4      | Found Fulus's Magic Scroll Boutique.
  5020 | D:4      | Bought a scroll of fear for 45 gold pieces
  5149 | D:4      | Noticed a black bear
  5157 | D:4      | Killed a black bear
  5157 | D:4      | Reached skill level 5 in Unarmed Combat
  5157 | D:4      | Reached XP level 6. HP: 19/38 MP: 5/9
  5593 | D:4      | Found a stormy altar of Qazlal.
  5621 | D:5      | Entered Level 5 of the Dungeon
  5654 | D:5      | Found a shattered altar of Ashenzari.
  6117 | D:5      | Reached XP level 7. HP: 8/45 MP: 4/10
  6427 | D:5      | Slain by a hound

Vanquished Creatures
  A black bear (D:4)
  A centaur (D:5)
  A crimson imp (D:5)
  An orc priest (D:3)
  An orc wizard (D:3)
  A centaur skeleton (D:4)
  Ijyb (D:3)
  5 adders (D:3)
  2 worms
  3 dart slugs
  A leopard gecko (D:2)
  9 orcs
  2 ball pythons
  2 giant cockroaches
  6 goblins
  10 hobgoblins
  4 jackals (D:1)
  2 kobolds
  8 bats
  11 frilled lizards
  14 rats
86 creatures vanquished.

Vanquished Creatures (collateral kills)
  A goblin (D:1)
  A hobgoblin (D:3)
  A kobold (D:1)
3 creatures vanquished.

Vanquished Creatures (others)
  A fungus (D:2)
1 creature vanquished.

Grand Total: 90 creatures vanquished

Action                   |  1- 3 |  4- 6 |  7- 9 || total
-------------------------+-------+-------+-------++-------
Melee: Unarmed           |    87 |    94 |     3 ||   184
       Kick              |    14 |    19 |     2 ||    35
       Constrict         |    26 |    20 |       ||    46
       Tentacles         |    12 |    16 |     1 ||    29
       Punch             |       |     1 |       ||     1
Throw: Javelin           |    22 |    13 |       ||    35
 Cast: Beastly Appendage |    21 |    18 |     1 ||    40
       Sticks to Snakes  |     3 |    13 |     1 ||    17
       Spider Form       |       |     1 |     1 ||     2
  Use: Scroll            |       |     2 |       ||     2
 Stab: Sleeping          |     4 |     4 |       ||     8
       Distracted        |     1 |       |       ||     1
  Eat: Chunk             |     4 |    10 |       ||    14
       Pizza             |       |     1 |       ||     1
       Royal jelly       |       |     1 |       ||     1
Armor: Skin              |     7 |     5 |       ||    12
Dodge: Dodged            |    55 |    55 |     6 ||   116

Skill      XL: |  1  2  3  4  5  6 |
---------------+-------------------+-----
Unarmed Combat | 4 5 |  5.5
Transmutations | 3 4 |  4.7
Poison Magic   | 1 2 |  2.2
Fighting       | 2 |  2.4
Dodging        | |  2.0
Spellcasting   | |  2.0
